 Dungeon Crawl Stone Soup version 0.31-a0-167-g1c394c0614 (webtiles) character file.

Game seed: 8030416719593672259

429 qw the Shooter (level 6, 0/38 HPs)
             Began as a Gargoyle Hunter on June 14, 2023.
             Was an Initiate of Okawaru.
             Slain by an orc warrior
             ... wielding a +0 glaive
              (10 damage)
             ... on level 4 of the Dungeon.
             The game lasted 00:01:09 (2839 turns).

qw the Shooter (Gargoyle Hunter)                    Turns: 2839, Time: 00:01:09

Health: 0/38       AC:  9    Str: 15    XL:     6   Next: 98%
Magic:  6/6        EV: 11    Int:  9    God:    Okawaru [......]
Gold:   209        SH:  0    Dex: 15    Spells: 5/5 levels left

rFire   . . .        Y - +1 shortbow
rCold   + . .        (shield currently unavailable)
rNeg    + . .        k - +0 ring mail
rPois   inf          (no helmet)
rElec   +            (no cloak)
rCorr   .            (no gloves)
SInv    .            (no boots)
Will    .....        (no amulet)
Stlth   +            i - ring of protection from cold
HPRegen 0.26/turn    (no ring)
MPRegen 0.10/turn

%: no passive effects
@: no status effects
A: sickness immunity, AC +4, negative energy resistance 1, electricity
resistance, torment resistance 1, petrification resistance
a: Renounce Religion


You were on level 4 of the Dungeon.
You worshipped Okawaru.
Okawaru was noncommittal.
You visited 1 branch of the dungeon, and saw 4 of its levels.

You collected 209 gold pieces.


Innate Abilities, Weirdness & Mutations

You are immune to sickness and miasma.
Your stone body is resilient. (AC +4)
You are immune to poison.
You resist negative energy. (rN+)
You are resistant to electric shocks. (rElec)
You are resistant to unholy torment.
You are immune to petrification.


   Skills:
 - Level 4.0 Fighting
 + Level 7.0 Ranged Weapons
 - Level 2.3 Armour
 - Level 1.5 Dodging
 - Level 1.1 Stealth


You had 5 spell levels left.
You didn't know any spells.
Your spell library was empty.

Inventory:

Hand Weapons
 Y - a +1 shortbow (weapon)
Armour
 k - a +0 ring mail (worn)
Jewellery
 i - a ring of protection from cold (left hand)
Scrolls
 b - 2 scrolls of identify
 c - a scroll of vulnerability {unknown}
 d - a scroll of teleportation
Potions
 a - 4 potions of curing
 e - a potion of lignification
 f - 2 potions of resistance {unknown}
 h - a potion of might {unknown}

Dungeon Overview and Level Annotations

Branches:
Dungeon (4/15)
 Temple: D:4-7

Altars:
Okawaru
Qazlal
The Shining One

Annotations:
D:2 1 runed translucent door, Crazy Yiuf


Message History

The orc wizard shouts!
The arrow hits the orc wizard.
The orc wizard is moderately wounded.
An orc warrior comes into view. It is wielding a +0 glaive.
You shoot an arrow. The orc warrior shouts!
The arrow hits the orc warrior.
The orc warrior is lightly wounded.
2828 ||| Stepping ~*~*~tactically~*~*~ (outnumbered).
2830 ||| Stepping ~*~*~tactically~*~*~ (outnumbered).
2832 ||| Stepping ~*~*~tactically~*~*~ (outnumbered).
You shoot an arrow.
The arrow hits the orc warrior but does no damage.
The orc warrior is lightly wounded.
The orc warrior hits you from afar with a +0 glaive.
The orc warrior misses you.
You shoot an arrow. The arrow hits the orc warrior.
The orc warrior is moderately wounded.
The orc warrior barely misses you.
You shoot an arrow.
The arrow hits the orc warrior but does no damage.
The orc warrior is moderately wounded.
The orc warrior hits you from afar with a +0 glaive!
You shoot an arrow.
The arrow closely misses the orc warrior.
The arrow hits the orc wizard but does no damage.
The orc wizard is lightly wounded.
You hear a shout!
The orc warrior hits you but does no damage.
You shoot an arrow. The arrow hits the orc warrior.
The orc warrior is moderately wounded.
The orc warrior hits you from afar with a +0 glaive.
You shoot an arrow. The arrow hits the orc wizard!
The orc wizard is severely wounded.
The orc warrior completely misses you.
The orc wizard hits you with a +0 dagger of holy wrath.
You shoot an arrow. The arrow barely misses the orc wizard.
An orc comes into view. It is wielding a +0 dagger.
The orc warrior hits you from afar with a +0 glaive!
You die...

###.......## #
##.....## #
#..#### ####
##..### ###...
##....#####.....
##..##....#......
#..######........
##..# #........
#@.## ##........
#o## #.........
......o.#
#......###
......o##
######## #
......# # ####.>
###### ..#
####..... ..#
#)....... #..
#......?.


You could see an orc warrior, an orc wizard and an orc.

Vanquished Creatures
  Sigmund (D:2)
  An ogre (D:4)
  4 gnolls
  5 adders
  An ufetubus (D:4)
  5 dart slugs
  6 bats
  10 endoplasms
  12 giant cockroaches
  10 goblins
  3 hobgoblins (D:2)
  3 quokkas
  11 ball pythons
  5 frilled lizards
  11 kobolds
  5 rats
93 creatures vanquished.

Notes
Turn   | Place    | Note
-------+----------+-------------------------------------------
     0 | D:1      | qw the Gargoyle Hunter began the quest for the Orb.
     0 | D:1      | Reached XP level 1. HP: 12/12 MP: 1/1
     0 | D:1      | 0 ||| qw: Version: 0.2-a-29-g1fa15c8
     0 | D:1      | 0 ||| qw: Game counter: 5115
     0 | D:1      | 0 ||| qw: Always use a shield: true
     0 | D:1      | 0 ||| qw: God list: Okawaru
     0 | D:1      | 0 ||| qw: Allow faded altars: false
     0 | D:1      | 0 ||| qw: Do Orc after D:15 true
     0 | D:1      | 0 ||| qw: Do second Lair branch before Depths: true
     0 | D:1      | 0 ||| qw: Lair rune preference: random
     0 | D:1      | 0 ||| qw: Plans: Normal, Zot:1-4, Slime:5, God:TSO, Crypt,
                  | Tomb, Abyss, Pan, Hells, Win
     0 | D:1      | 0 ||| PLANNING D:1-11
    64 | D:1      | Reached XP level 2. HP: 17/17 MP: 2/2
   222 | D:1      | Reached XP level 3. HP: 21/21 MP: 3/3
   316 | D:1      | Reached skill level 5 in Ranged Weapons
   546 | D:1      | 546 ||| READING scroll labelled VIZYZ HIYRCHA.
   547 | D:1      | 547 ||| READING scroll labelled OMOS MACADOYR.
   548 | D:1      | 548 ||| READING scroll labelled COFAIGIYNI.
   549 | D:1      | 549 ||| DROPPING scroll of butterflies.
   658 | D:2      | Reached XP level 4. HP: 27/27 MP: 4/4
   678 | D:2      | Reached skill level 3 in Fighting
   850 | D:2      | Noticed Sigmund
   865 | D:2      | Killed Sigmund
   866 | D:2      | Reached skill level 6 in Ranged Weapons
   866 | D:2      | Reached XP level 5. HP: 11/32 MP: 5/5
   866 | D:2      | Reached XP level 6. HP: 13/37 MP: 6/6
  1231 | D:2      | Found a runed translucent door.
  1232 | D:2      | Noticed Crazy Yiuf
  1357 | D:2      | 1357 ||| UPGRADING to ring of protection from cold.
  1358 | D:2      | 1358 ||| READING scroll labelled XAT ONESTRIL.
  1359 | D:2      | 1359 ||| READING scroll labelled QYFAS UGROIGEU.
  1360 | D:2      | 1360 ||| READING scroll labelled KACHYME XACLA.
  1361 | D:2      | 1361 ||| DRINKING 3 dark potions.
  1384 | D:3      | Found a glowing golden altar of the Shining One.
  1442 | D:3      | 1442 ||| Stepping ~*~*~tactically~*~*~ (outnumbered).
  1444 | D:3      | 1444 ||| Stepping ~*~*~tactically~*~*~ (outnumbered).
  1448 | D:3      | 1448 ||| Stepping ~*~*~tactically~*~*~ (outnumbered).
  1832 | D:3      | Found an iron altar of Okawaru.
  1833 | D:3      | 1833 ||| PLANNING OKAWARU WORSHIP
  1868 | D:3      | Became a worshipper of Warmaster Okawaru
  1869 | D:3      | 1869 ||| PLANNING D:1-11
  2389 | D:3      | Found a stormy altar of Qazlal.
  2394 | D:3      | 2394 ||| UPGRADING to +0 ring mail.
  2404 | D:3      | 2404 ||| DROPPING +0 leather armour.
  2405 | D:3      | 2405 ||| DROPPING scarf of harm.
  2406 | D:3      | 2406 ||| READING scroll labelled AGO ONNUDUBU.
  2437 | D:3      | 2437 ||| READING scroll labelled KOEQEL OGRUUD.
  2441 | D:3      | 2441 ||| READING scroll labelled NEROXTEYS.
  2442 | D:3      | 2442 ||| READING 2 scrolls of identify.
  2442 | D:3      | 2442 ||| IDENTIFYING amethyst potion
  2528 | D:4      | Reached skill level 7 in Ranged Weapons
  2826 | D:4      | Noticed an orc warrior
  2828 | D:4      | 2828 ||| Stepping ~*~*~tactically~*~*~ (outnumbered).
  2830 | D:4      | 2830 ||| Stepping ~*~*~tactically~*~*~ (outnumbered).
  2832 | D:4      | 2832 ||| Stepping ~*~*~tactically~*~*~ (outnumbered).
  2839 | D:4      | Slain by an orc warrior

Levels and vault maps discovered:
D:1:      dpeg_arrival_tiny_a, layout_basic, serial_rivers,
          chequers_serial_rivers_small_b, chequers_serial_rivers_micro_d,
          chequers_serial_rivers_room_b, chequers_serial_rivers_room_b,
          grunt_decor_one_mirror
D:2:      layout_loops_ring, hangedman_decor_clover_reticule,
          uniq_crazy_yiuf_cottage, uniq_sigmund
D:3:      minmay_roachtagon, layout_basic, mainiacjoe_overflow_alcove_2,
          mainiacjoe_overflow_catch_the_wave
D:4:      layout_cave_pods, minmay_divided_ellipse

Skill      XL: |  1  2  3  4  5  6 |
---------------+-------------------+-----
Ranged Weapons | 5 6 7 |  7.0
Fighting       | 3 4 |  4.0
Armour         | 2 |  2.3
Dodging        | |  1.5
Stealth        | |  1.1

Action                     |  1- 3 |  4- 6 || total
---------------------------+-------+-------++-------
   Fire: Shortbow          |    92 |   169 ||   261
    Use: Scroll            |     3 |     7 ||    10
         Potion            |       |     1 ||     1
 Armour: Leather armour    |    12 |    25 ||    37
         Ring mail         |       |     1 ||     1
  Dodge: Dodged            |    15 |    38 ||    53

Table legend:
 A = Non-vault XP
 B = Vault XP
 C = Vault XP percentage of total XP
 D = Non-vault monster count
 E = Vault monster count
 F = Vault count percentage of total count
                 A         B        C        D         E       F
            +---------+---------+-------+---------+---------+-------
      Total |     383 |     230 |  37.5 |      84 |       9 |   9.7
            +---------+---------+-------+---------+---------+-------
        D:1 |      60 |       0 |   0.0 |      28 |       0 |   0.0
        D:2 |      89 |     214 |  70.6 |      29 |       1 |   3.3
        D:3 |      98 |      16 |  14.0 |      21 |       8 |  27.6
        D:4 |     136 |       0 |   0.0 |       6 |       0 |   0.0
            +---------+---------+-------+---------+---------+-------
